Map: Abyssal Reef LE

Players

TerminarcH

  • Race: Terran Terran
  • League: Master
  • Spawn Location: 5:00

Railgan - Winner!

  • Race: Zerg Zerg
  • League: Grandmaster
  • Spawn Location: 11:00

VOD

Have the link to the VOD?

Description

Time

  • Played on: Feb. 26, 2017, 3:19 p.m.
  • Length: 29:03
Show
View Real Time Build Order
Export as new Build Order

TerminarcH Terran 

Build Orders: Reaper Expand, Bio Tank 

Get SALT Encoding   

  12  0:00  SCV  
  13  0:12  SCV  
  14  0:17  Supply Depot  
  14  0:24  SCV  
  15  0:38  SCV  
  15  0:40  Barracks  
  16  0:44  Refinery  
  16  0:50  SCV  
  17  1:03  SCV  
  18  1:15  SCV  
  19  1:27  Orbital Command  
  19  1:28  Reaper  
  20  1:40  Command Center  
  20  1:52  Barracks  
  20  1:54  SCV  
  20  2:00  Barracks Reactor  
  21  2:07  Supply Depot  
  22  2:08  SCV  
  22  2:15  Refinery  
  22  2:24  SCV  
  22  2:28  Factory  
  23  2:36  SCV  
  24  2:38  Marine x2  
  24  2:40  Barracks Tech Lab  
  26  2:54  Orbital Command  
  26  2:56  SCV  
  26  2:58  Marine x2  
  29  3:04  Marauder  
  31  3:11  Stimpack  
  31  3:12  SCV  
  31  3:17  Marine x2  
  33  3:23  Orbital Command  
  33  3:30  Bunker, Factory Tech Lab  
  33  3:31  Marauder  
  34  3:35  Marine x2  
  36  3:44  SCV  
  37  3:48  Starport, SCV  
  37  3:53  Supply Depot  
  38  3:56  Siege Tank  
  38  3:58  Marine  
  38  4:00  Marine  
  43  4:04  SCV  
  43  4:06  SCV  
  45  4:10  Marine  
  46  4:18  Supply Depot, SCV x2  
  46  4:22  Marine x2  
  50  4:25  Medivac  
  52  4:35  SCV  
  52  4:37  SCV  
  57  4:38  Siege Tank  
  57  4:39  Marine  
  58  4:47  SCV  
  58  4:48  Supply Depot  
  58  4:49  Marine  
  58  4:50  Marine  
  61  4:57  SCV  
  61  4:58  Starport Reactor  
  61  4:59  Supply Depot  
  62  5:02  SCV  
  62  5:06  Marauder  
  65  5:11  Marine x2  
  68  5:14  SCV  
  66  5:30  Marine x2  
  66  5:31  Marauder  
  66  5:35  Medivac x2  
  72  5:36  SCV x2  
  74  5:48  SCV x2  
  62  6:04  SCV x2  
  61  6:12  Marine x2  
  61  6:13  Marauder, Combat Shields  
  61  6:15  Supply Depot  
  61  6:16  Command Center  
  61  6:17  Bunker  
  65  6:20  Refinery x2  
  65  6:24  Siege Tank  
  68  6:30  SCV x2  
  68  6:41  Barracks  
  68  6:42  SCV  
  68  6:44  Barracks  
  68  6:46  Barracks, Marine  
  68  6:47  Marine  
  69  6:53  Marauder  
  73  6:58  Siege Tank  
  76  7:04  Engineering Bay  
  76  7:07  Engineering Bay, Marine x2  
  78  7:09  SCV x2  
  78  7:15  Medivac  
  82  7:17  Medivac  
  84  7:26  Marine  
  84  7:27  Marine, Marauder  
  88  7:30  Siege Tank  
  88  7:33  Barracks Reactor, Barracks Tech Lab x2  
  91  7:43  SCV  
  91  7:44  SCV  
  91  7:49  Marauder  
  91  7:50  Marine x2  
  91  7:51  Concussive Shells, Supply Depot  
  95  7:52  Orbital Command  
  95  7:59  Marauder x2  
  95  8:01  Terran Infantry Armor Level 1, Terran Infantry Weapons Level 1  
  95  8:03  SCV  
  95  8:04  SCV  
  101  8:08  Marine x2, Siege Tank  
  101  8:11  Marine x2  
  108  8:15  Marauder  
  108  8:17  SCV x2  
  108  8:18  SCV  
  113  8:24  Marauder  
  115  8:27  Marauder  
  116  8:40  Marauder  
  117  8:46  Supply Depot  
  117  8:47  Supply Depot  
  117  8:55  Supply Depot x2  
  117  9:07  Marine x3, SCV x2, Siege Tank  
  117  9:09  Marine x2, SCV  
  128  9:29  Marine x4, Marauder x2  
  133  9:37  Medivac x2  
  137  9:40  Marauder  
  139  9:47  Marine x4  
  126  9:53  Marine  
  126  9:54  Marauder  
  110  10:01  Marine, Siege Tank  
  110  10:04  Marine  
  110  10:05  Marine  
  114  10:07  Medivac x2  
  114  10:09  Armory  
  103  10:26  Refinery x2  
  103  10:31  Marine x2  
  103  10:32  Marine x3, Marauder x2  
  103  10:33  Command Center  
  112  10:38  SCV x3  
  115  10:52  Marine x2  
  115  10:53  Marine x2, Marauder, Siege Tank  
  115  10:54  Barracks  
  115  10:55  Barracks x2  
  122  11:13  Marine x2, Marauder  
  122  11:16  Marine x2, Marauder x2  
  122  11:17  Terran Infantry Weapons Level 2  
  122  11:18  Terran Infantry Armor Level 2  
  131  11:20  Command Center  
  131  11:22  Supply Depot  
  131  11:24  Supply Depot  
  131  11:25  Medivac x2  
  133  11:27  Siege Tank  
  133  11:31  Marine x2  
  140  11:33  Marine  
  140  11:35  Marine, Marauder  
  140  11:37  Marine, Marauder  
  147  11:42  Sensor Tower  
  147  11:44  Barracks Tech Lab x2  
  147  11:51  Marine  
  147  11:52  Marine x2  
  147  11:53  Barracks Tech Lab  
  150  11:55  Marauder  
  150  11:56  Marauder, Supply Depot  
  150  11:57  Supply Depot  
  150  11:58  Supply Depot  
  150  11:59  Missile Turret, Siege Tank, Marauder  
  159  12:02  Marine  
  159  12:03  Bunker  
  164  12:09  Marine  
  164  12:12  Marine x2, Medivac  
  165  12:18  Marauder x3  
  165  12:20  Factory  
  171  12:28  Medivac  
  171  12:29  Factory  
  173  12:50  Marine x3  
  173  12:51  Marine x2, Marauder x3  
  181  12:52  Siege Tank, Marauder  
  188  13:09  Planetary Fortress  
  188  13:11  Factory Tech Lab  
  175  13:30  Marine x3  
  175  13:31  Marine, Marauder x3  
  175  13:32  Marine  
  175  13:33  Marauder x2  
  190  13:34  Medivac x2  
  190  13:40  Siege Tank, Factory Tech Lab  
  197  13:48  Marine  
  197  13:54  Marine x3  
  197  13:55  Marauder x2  
  195  14:12  Marine  
  195  14:13  Marine, Marauder  
  199  14:26  Terran Infantry Armor Level 3, Terran Infantry Weapons Level 3  
  199  14:31  Starport x2  
  199  14:34  Marine  
  200  14:49  Missile Turret, Refinery  
  200  14:50  Refinery  
  197  15:09  Viking  
  196  15:35  Viking  
  198  15:41  Terran Ship Weapons Level 1  
  197  16:02  Command Center  
  197  16:03  Viking, SCV  
  200  16:34  SCV  
  200  16:36  SCV  
  200  16:37  Viking x2  
  193  16:42  Missile Turret  
  193  16:48  Missile Turret  
  193  16:52  Missile Turret  
  193  17:00  Viking x2  
  170  17:20  Viking x2  
  138  17:30  Marine, Viking x2  
  138  17:31  Marine x3, Marauder x5  
  138  17:32  Siege Tank x2, Marauder  
  163  17:48  Marine x2  
  165  17:53  Viking x2  
  165  17:57  Terran Ship Weapons Level 2  
  165  18:06  Marine x2  
  165  18:08  Ghost Academy  
  165  18:10  Missile Turret  
  185  18:13  Siege Tank  
  185  18:14  Siege Tank x2  
  185  18:19  Planetary Fortress  
  170  18:36  Marine  
  170  18:37  Marine x4  
  170  18:40  Viking  
  187  18:44  Ghost x2  
  187  19:15  Viking  
  187  19:16  Viking x2  
  179  19:19  Ghost x5  
  189  19:32  Refinery  
  189  19:33  Refinery  
  189  19:36  Ghost  
  189  19:38  Marine x3  
  191  19:39  Marine  
  195  19:50  Ghost x2  
  198  20:42  Liberator x4  
  156  20:51  Ghost x6  
  150  21:00  Marine  
  150  21:01  Marine  
  164  21:16  Orbital Command  
  164  21:19  Ghost x2  
  166  21:40  Ghost x3  
  172  21:48  SCV x2  
  172  21:53  Ghost x3  
  180  21:55  Marine  
  180  21:56  Marine  
  180  21:57  Marine x2  
  184  22:03  Viking  
  184  22:04  Refinery x2  
  186  22:08  Ghost  
  185  22:33  Liberator  
  185  22:34  Liberator x3  
  182  22:40  Ghost x4  
  177  22:54  Terran Ship Weapons Level 3  
  177  22:56  Marine x4, Marauder x2  
  185  23:09  Marine, Marauder x3  
  189  23:17  Ghost x2  
  193  23:21  Marine  
  193  23:22  Marine x2  
  196  24:00  Liberator  
  196  24:26  Liberator  
  196  24:27  Liberator  
  196  24:28  Supply Depot  
  196  24:43  Ghost  
  196  24:44  Marauder  
  196  24:45  Marauder  
  142  24:57  Liberator x2  
  122  25:03  Ghost x3  
  122  25:05  Ghost  
  122  25:06  Ghost  
  104  25:15  Liberator  
  104  25:20  Ghost  
  101  25:21  Marine  
  101  25:22  Marine  
  103  25:31  Ghost  
  108  25:38  Liberator  
  108  25:39  Liberator  
  88  25:55  Ghost  
  88  25:56  Liberator  
  93  26:32  Ghost x2  
  79  26:56  Marine x2  
  79  26:57  Marine, Marauder x2  
  85  27:02  Ghost x2  
  85  27:05  SCV x4  
  93  27:14  Ghost  
  95  27:22  SCV x3  
  98  27:23  SCV  
  98  27:29  Ghost  
  101  27:41  Medivac  
  101  27:42  Medivac  
  102  27:45  Marine x4  
  102  27:50  Marine, Marauder  
  109  27:52  Marine  
  104  28:25  Ghost x2  
  104  28:26  Ghost x3  
  114  28:28  Marine x2  
  114  28:32  Marine  
  114  28:33  Marine  
Show
View Real Time Build Order
Export as new Build Order

Railgan Zerg - Winner!

Build Orders: Pool First 

Get SALT Encoding   

  12  0:01  Drone  
  13  0:12  Overlord  
  13  0:17  Drone  
  14  0:30  Drone x2  
  14  0:35  Drone  
  17  0:45  Spawning Pool  
  17  0:48  Drone  
  17  0:56  Drone  
  18  1:12  Hatchery  
  18  1:13  Extractor  
  18  1:17  Drone  
  17  1:20  Drone  
  18  1:36  Roach Warren, Zergling x2  
  18  1:43  Queen  
  20  1:47  Drone  
  20  1:49  Drone  
  22  2:01  Overlord  
  22  2:19  Roach  
  22  2:22  Roach  
  25  2:25  Roach  
  25  2:26  Queen  
  29  2:30  Queen  
  29  2:35  Drone  
  32  2:46  Overlord  
  32  2:47  Drone x2  
  34  2:55  Drone x2  
  35  3:02  Drone  
  36  3:07  Extractor  
  36  3:13  Lair  
  36  3:17  Drone x3  
  39  3:20  Drone  
  40  3:29  Drone  
  40  3:30  Drone  
  40  3:32  Overlord  
  42  3:35  Drone x2  
  44  3:43  Overlord  
  44  3:50  Extractor, Drone  
  44  3:51  Drone x3  
  44  3:52  Extractor  
  44  3:53  Drone  
  47  3:57  Drone  
  47  4:00  Drone  
  49  4:04  Drone  
  49  4:07  Drone x2, Overlord  
  52  4:19  Extractor, Spire, Drone  
  52  4:20  Drone  
  52  4:26  Overlord  
  52  4:28  Overseer  
  52  4:29  Drone  
  52  4:30  Drone  
  54  4:34  Glial Reconstitution  
  54  4:38  Drone  
  54  4:39  Drone x2  
  54  4:41  Roach  
  59  4:47  Roach x2  
  59  4:50  Roach  
  65  4:56  Overlord  
  65  5:01  Ravager  
  65  5:03  Ravager  
  67  5:15  Ravager, Roach  
  67  5:16  Roach  
  67  5:18  Roach  
  74  5:26  Roach  
  74  5:27  Roach x3  
  78  5:36  Queen  
  78  5:38  Roach  
  78  5:39  Roach  
  83  5:43  Overlord  
  83  5:45  Hatchery  
  83  5:46  Overlord x2  
  73  6:00  Roach x6  
  74  6:05  Roach  
  76  6:13  Drone x2  
  78  6:22  Drone  
  78  6:23  Drone  
  78  6:24  Drone  
  78  6:25  Corruptor x2  
  81  6:26  Ravager  
  86  6:33  Corruptor  
  86  6:34  Corruptor  
  90  6:41  Drone x2  
  92  6:47  Evolution Chamber  
  92  6:48  Evolution Chamber  
  92  6:50  Overseer  
  90  6:57  Queen  
  90  6:58  Drone x3  
  90  7:00  Drone x2  
  97  7:08  Drone  
  97  7:09  Drone x2, Overlord  
  97  7:10  Ravager  
  97  7:14  Roach, Zerg Flyer Weapons Level 1  
  97  7:15  Roach  
  105  7:20  Overlord  
  104  7:23  Overlord  
  104  7:27  Roach  
  104  7:28  Roach  
  108  7:30  Roach  
  108  7:34  Roach  
  110  7:42  Roach x3  
  116  7:45  Drone x4  
  116  7:46  Zerg Missile Weapons Level 1  
  120  7:54  Zerg Ground Armor Level 1  
  120  7:55  Drone x3  
  123  8:04  Drone  
  123  8:05  Drone  
  125  8:06  Extractor  
  125  8:07  Extractor  
  125  8:11  Hatchery  
  125  8:12  Overlord  
  122  8:13  Roach  
  124  8:20  Drone x3  
  124  8:21  Drone  
  124  8:22  Overlord  
  128  8:28  Ravager  
  128  8:29  Ravager  
  128  8:31  Overlord  
  126  8:42  Roach x2  
  126  8:43  Roach x2  
  132  8:53  Roach x4  
  132  8:54  Ravager x6  
  146  8:56  Overlord  
  146  8:59  Spine Crawler, Overlord  
  146  9:01  Drone  
  146  9:02  Overlord  
  146  9:11  Roach x3  
  146  9:16  Roach x2  
  149  9:17  Ravager x3  
  149  9:18  Ravager, Roach x3  
  149  9:19  Roach  
  149  9:22  Roach x2  
  158  9:34  Roach x7  
  141  9:54  Roach  
  141  9:55  Roach x6  
  141  9:58  Roach x6  
  133  10:01  Ravager  
  133  10:04  Roach x2  
  133  10:07  Roach x2  
  132  10:15  Roach  
  127  10:23  Zerg Missile Weapons Level 2  
  127  10:29  Zerg Ground Armor Level 2, Drone  
  127  10:30  Drone  
  127  10:31  Drone  
  127  10:32  Drone x6  
  127  10:34  Drone  
  137  10:36  Roach  
  137  10:40  Roach x2  
  143  10:45  Roach x3  
  143  10:46  Overlord  
  149  10:50  Roach  
  149  10:51  Ravager, Roach  
  149  10:54  Roach  
  149  10:55  Roach  
  158  10:59  Roach  
  158  11:00  Roach x2  
  156  11:12  Infestation Pit  
  156  11:13  Roach x7  
  156  11:17  Roach  
  171  11:24  Drone  
  171  11:25  Drone  
  173  11:28  Drone  
  173  11:31  Drone  
  173  11:32  Drone  
  176  11:37  Overlord  
  176  11:38  Overlord x3  
  176  11:44  Overlord  
  176  11:47  Overlord  
  176  11:53  Hive  
  176  12:00  Infestor x2  
  176  12:01  Infestor  
  180  12:04  Roach x6  
  180  12:07  Roach  
  180  12:08  Roach x3  
  200  12:31  Extractor x2  
  198  12:39  Roach  
  198  12:40  Hatchery  
  199  12:45  Burrow  
  199  13:05  Greater Spire  
  182  13:21  Roach x4  
  182  13:22  Roach x3  
  182  13:23  Ravager x3  
  182  13:24  Ravager  
  200  13:28  Zerg Melee Weapons Level 1  
  200  13:32  Zerg Ground Armor Level 3  
  200  13:34  Corruptor  
  198  13:37  Corruptor x2  
  170  14:20  Brood Lord x4  
  170  14:21  Brood Lord x2  
  182  14:30  Ravager x4, Zergling x2  
  182  14:31  Zergling x16  
  195  14:37  Baneling Nest  
  194  14:41  Hatchery  
  193  14:47  Drone x3  
  193  14:49  Zergling x8  
  200  15:04  Extractor  
  200  15:05  Ultralisk Cavern  
  200  15:06  Extractor  
  182  15:09  Zergling x2  
  182  15:10  Zergling x20  
  182  15:11  Zergling x2  
  194  15:22  Zergling x12  
  185  15:56  Corruptor x4  
  185  15:57  Corruptor  
  187  15:58  Zerg Melee Weapons Level 2  
  187  16:00  Zerg Flyer Weapons Level 2  
  191  16:12  Centrifical Hooks  
  191  16:16  Chitinous Plating  
  191  16:28  Zerg Missile Weapons Level 3  
  190  16:39  Ultralisk  
  191  16:47  Zergling x6  
  191  16:48  Ultralisk  
  198  16:58  Corruptor  
  198  17:00  Zergling x14  
  180  17:12  Ultralisk  
  180  17:13  Zergling x24  
  160  17:23  Zergling x2  
  160  17:24  Zergling x8  
  160  17:25  Zergling x2  
  160  17:30  Queen x2  
  164  17:41  Drone x3  
  167  17:44  Ultralisk  
  167  17:45  Zergling x6  
  167  17:47  Extractor  
  167  17:48  Extractor  
  167  17:49  Extractor  
  167  17:50  Drone  
  174  17:51  Hatchery  
  174  17:52  Metabolic Boost  
  174  17:55  Baneling  
  174  17:56  Baneling x4  
  174  17:58  Drone x2  
  174  18:10  Drone x3  
  174  18:11  Drone x3  
  180  18:14  Ultralisk  
  186  18:23  Zergling x2  
  186  18:24  Zergling x6  
  190  18:36  Ultralisk  
  190  18:37  Zergling x4  
  190  18:38  Zergling x2  
  190  18:39  Baneling x2  
  196  19:21  Corruptor  
  198  19:37  Extractor, Zergling x4  
  199  19:41  Adrenal Glands  
  199  19:42  Zerg Melee Weapons Level 3  
  196  20:19  Corruptor  
  196  20:21  Corruptor  
  197  20:30  Zergling x6  
  133  20:56  Ultralisk x3  
  133  20:59  Ultralisk x5  
  133  21:00  Zergling x8  
  133  21:04  Zergling x2  
  160  21:16  Baneling  
  160  21:17  Baneling x5  
  160  21:18  Ultralisk  
  166  21:20  Zergling x10  
  166  21:22  Zergling x2  
  166  21:23  Hatchery  
  171  21:25  Zergling x2  
  171  21:26  Zergling x6  
  171  21:28  Zergling x6  
  171  21:29  Ultralisk  
  185  21:32  Zergling x2  
  181  21:40  Zergling x6  
  184  21:50  Overseer x2  
  184  21:56  Infestor x2  
  184  21:57  Infestor  
  184  21:58  Zergling x2  
  184  21:59  Zergling x18  
  196  22:12  Zergling x16  
  199  22:15  Baneling  
  199  22:16  Baneling x9  
  189  22:48  Infestor x2  
  189  22:49  Zergling x2  
  189  22:50  Zergling x10  
  196  23:01  Extractor  
  196  23:05  Baneling x2  
  195  23:09  Zergling x12  
  195  23:11  Baneling x6  
  200  23:34  Zergling x2  
  200  23:36  Baneling x10  
  200  23:46  Hatchery  
  190  24:36  Infestor x4  
  178  24:48  Hatchery  
  147  24:56  Ultralisk, Zergling x2  
  147  24:57  Ultralisk x6  
  162  25:05  Zergling x22  
  155  25:09  Ultralisk, Zergling x2  
  155  25:10  Zergling x14  
  157  25:18  Corruptor  
  157  25:26  Corruptor  
  157  25:27  Zergling x2  
  157  25:28  Zergling x2  
  142  25:48  Corruptor x2  
  142  25:49  Zergling x2  
  148  25:50  Zergling x14  
  148  25:54  Hatchery  
  154  25:57  Zergling x8  
  157  26:05  Hatchery  
  157  26:06  Drone x2  
  157  26:07  Drone x3  
  161  26:16  Baneling x8  
  161  26:31  Spore Crawler x2  
  136  26:49  Drone x2  
  136  26:51  Drone  
  136  26:52  Drone x2  
  136  26:54  Zergling x10  
  138  26:58  Corruptor  
  138  26:59  Corruptor x2  
  146  27:01  Zergling x10  
  146  27:03  Corruptor  
  146  27:05  Hydralisk Den  
  152  27:08  Corruptor x2  
  152  27:09  Corruptor  
  158  27:24  Drone x3  
  158  27:27  Extractor  
  158  27:28  Extractor  
  155  27:40  Zergling x14  
  155  27:41  Corruptor, Zergling x2  
  165  27:44  Zergling x2  
  165  27:45  Zergling x10  
  165  27:46  Zergling x2  
  165  27:50  Drone  
  165  27:51  Drone x5  
  178  27:53  Drone x4  
  174  28:20  Ultralisk x3  
  174  28:26  Drone x2  
  184  28:33  Baneling  
  184  28:34  Baneling x10  
  181  28:35  Spore Crawler  
  181  28:38  Spine Crawler  
  181  28:41  Spine Crawler  
Tags
 
Add a new tag
Caveats
  • Supply blocks, unpowered buildings, or Contaminate may cause inaccurate times.
  • Supply counts are checked every 10 seconds.